 Dungeon Crawl Stone Soup version 0.27-a0-1591-gc56fcc985a (webtiles) character file.

Game seed: 1664388816232214967

23697 Anon1729 the Carver (level 12, -17/115 HPs)
             Began as a Minotaur Monk on July 19, 2021.
             Was a High Priest of Wu Jian.
             Demolished by a boulder beetle (34 damage)
             ... on level 4 of the Lair of Beasts.
             The game lasted 00:20:08 (16398 turns).

Anon1729 the Carver (Minotaur Monk)                Turns: 16398, Time: 00:20:08

Health: -17/115    AC: 13    Str: 21    XL:     12   Next: 74%
Magic:  11/11      EV: 17    Int:  7    God:    Wu Jian [*****.]
Gold:   705        SH:  0    Dex: 13    Spells: 11/11 levels left

rFire    . . .     SeeInvis .   L - +4 scimitar (flame)
rCold    . . .     Faith    +   (no shield)
rNeg     . . .     Spirit   .   M - +2 robe {Will+}
rPois    .         Reflect  .   (helmet restricted)
rElec    .         Harm     .   (no cloak)
rCorr    .         Rampage  .   (no gloves)
Will     +....                  o - +0 pair of boots
Stlth    ++++......             G - amulet of faith
HPRegen  0.29/turn              f - +4 ring of protection
MPRegen  0.12/turn              y - +4 ring of protection

@: exhausted
A: horns 2, retaliatory headbutt
a: Renounce Religion, Wall Jump, Serpent's Lash, Heavenly Storm


You were on level 4 of the Lair of Beasts.
You worshipped Wu Jian.
Wu Jian was extremely pleased with you.
You visited 2 branches of the dungeon, and saw 12 of its levels.

You collected 705 gold pieces.

Inventory:

Hand Weapons
 L - a +4 scimitar of flaming (weapon)
Missiles
 v - 4 boomerangs of dispersal (quivered)
 H - a curare-tipped dart
Armour
 b - a +0 robe
 o - a +0 pair of boots (worn)
 K - the +4 scale mail of Generosity {Contam Int+4 Dex+5}
   (You found it on level 8 of the Dungeon)

   Int:       It affects your intelligence (+4).
   Dex:       It affects your dexterity (+5).
   Contam:    It causes magical contamination when unequipped.
 M - a +2 robe of willpower (worn)
Jewellery
 f - a +4 ring of protection (left hand)
 g - a ring of poison resistance
 h - a ring of flight
 l - an amulet of the acrobat
 s - a ring of resist corrosion
 y - a +4 ring of protection (right hand)
 G - an amulet of faith (around neck)
 N - an amulet of regeneration
Wands
 a - a wand of mindburst (11)
 w - a wand of flame (15)
 E - a wand of iceblast (5)
 F - a wand of polymorph (7)
Scrolls
 c - a scroll of identify
 d - a scroll of silence
 i - 6 scrolls of teleportation
 j - a scroll of torment
 k - 3 scrolls of fear
 m - 2 scrolls of amnesia {unknown}
 q - 5 scrolls of enchant weapon
 t - 2 scrolls of vulnerability
 u - 5 scrolls of noise {unknown}
 A - a scroll of brand weapon {unknown}
 D - a scroll of enchant armour {unknown}
 I - a scroll of blinking {unknown}
Potions
 e - a potion of ambrosia {unknown}
 n - 3 potions of lignification {unknown}
 p - a potion of berserk rage
 r - 2 potions of curing
 x - a potion of attraction {unknown}
 z - 3 potions of heal wounds {unknown}
 B - 2 potions of haste {unknown}
 C - 2 potions of might {unknown}
 J - a potion of invisibility {unknown}
 O - a potion of magic {unknown}


   Skills:
 + Level 13.0 Fighting
 + Level 13.1 Long Blades
 + Level 12.1 Dodging
 + Level 10.2 Stealth


You had 11 spell levels left.
You didn't know any spells.
Your spell library contained the following spells:

 Spells                   Type           Power      Damage    Failure   Level
 Animate Skeleton         Necr           0%         N/A       43%         1
 Apportation              Tloc           0%         N/A       43%         1
 Corona                   Hex            0%         N/A       43%         1
 Freeze                   Ice            0%         1d3       43%         1
 Summon Small Mammal      Summ           0%         N/A       43%         1
 Slow                     Hex            0%         N/A       56%         2
 Static Discharge         Conj/Air       0%         N/A       56%         2
 Confusing Touch          Hex            0%         N/A       80%         3
 Gell's Gravitas          Tloc           0%         N/A       80%         3
 Ozocubu's Armour         Ice            0%         N/A       80%         3
 Teleport Other           Tloc           0%         N/A       80%         3
 Fulminant Prism          Conj/Hex       0%         3d6       99%         4
 Hailstorm                Conj/Ice       0%         3d3       99%         4
 Ice Form                 Ice/Tmut       0%         N/A       99%         4
 Iskenderun's Mystic Bla  Conj/Tloc      0%         2d3       99%         4
 Passage of Golubria      Tloc           N/A        N/A       99%         4
 Lee's Rapid Deconstruct  Erth           0%         3d5*      100%        5
 Lightning Bolt           Conj/Air       0%         1d11      100%        5
 Silence                  Hex/Air        0%         N/A       100%        5
 Summon Forest            Summ/Tloc      0%         N/A       100%        5
 Summon Mana Viper        Hex/Summ       0%         N/A       100%        5
 Yara's Violent Unravell  Hex/Tmut       0%         3d3       100%        5
 Dispersal                Tloc           0%         N/A       100%        6
 Shadow Creatures         Summ           N/A        N/A       100%        6
 Simulacrum               Ice/Necr       0%         N/A       100%        6
 Ozocubu's Refrigeration  Ice            0%         4d5       100%        7
 Lehudib's Crystal Spear  Conj/Erth      0%         10d2      100%        8
 Maxwell's Capacitive Co  Air            0%         ∞         100%        8


Dungeon Overview and Level Annotations

Branches:
Dungeon (8/15)             Temple (0/1) D:5            Lair (4/6) D:8
 Shoals (0/4) Lair:4        Snake (0/4) Lair:2

Altars:
Gozag
Kikubaaqudgha
Ru
Sif Muna
Wu Jian
Lugonu

Shops:
D:6 **

Portals:
Abyss: D:6

Annotations:
D:7 2 runed translucent doors
Lair:4 3 runed translucent doors


Innate Abilities, Weirdness & Mutations

You have a pair of horns on your head.
You reflexively headbutt those who attack you in melee.


Message History

The boulder beetle stops rolling and uncurls.
You spin and attack the wolf.
You slash the wolf! You burn the wolf. You headbutt the wolf.
You kill the wolf!
The Council accepts your kill.
The wolf is engulfed in calcifying dust.
The wolf stops moving altogether!
The catoblepas breathes a plume of calcifying dust at you.
The blast of calcifying dust hits you but does no damage.
Your muscles tense, ready for explosive movement...
You lunge with incredible momentum at the catoblepas, in a flurry of attacks.
You slice the catoblepas!! You burn the catoblepas.
You blow up the catoblepas!
The Council accepts your kill.
You spin and attack the boulder beetle, with incredible momentum.
You hit the boulder beetle. You burn the boulder beetle.
The boulder beetle is lightly wounded.
You spin and attack the boulder beetle repeatedly, with incredible momentum.
You slice the boulder beetle!! You burn the boulder beetle!
The boulder beetle is severely wounded.
You hit the boulder beetle but do no damage.
The boulder beetle is severely wounded.
You spin and attack the wolf, with incredible momentum.
The helpless wolf fails to defend itself.
You slice the wolf!! You burn the wolf.
You blow up the wolf!
The Council accepts your kill.
Your supernatural speed expires.
Aiming: Mindburst
Press: ? - help, Shift-Dir - straight line, f - boulder beetle
Aim: a boulder beetle (severely wounded, chance to affect: 48%)
The boulder beetle resists with some effort.
The boulder beetle bites you!
* * * LOW HITPOINT WARNING * * *
Char dumped successfully.
The boulder beetle curls into a ball and begins rolling!
Unknown command.
Unknown command.
It was a potion of curing.
You feel better. The boulder beetle hits you!!
You die...

.. ..... ##..# ###. ....
.... ###...#####..# ....#
#####.....#.##...#
.....###......#..........
...........#P...........#
...........#.............
h..........####..........
............# #..........
........@..P# #.........#
........B..###..........#
..!.....○..# ##....<....#
........°§.# .........§##
.........§# .........§.
.........§.. ........§P##


You could see a boulder beetle (rolling).

Vanquished Creatures
  8 hydras
  Erica (D:8)
  A catoblepas (Lair:4)
  4 centaur zombies (D:7)
  2 black mambas
  2 torpor snails
  3 cane toads
  A rime drake (Lair:2)
  3 komodo dragons
  A troll (D:8)
  A polar bear (Lair:4)
  5 dream sheep (Lair:4)
  A snapping turtle (Lair:4)
  6 blink frogs
  3 wyverns
  28 yaks
  4 basilisks
  3 vampire mosquitoes (D:8)
  9 water moccasins
  An orc warrior (D:7)
  A sky beast (D:7)
  A hornet zombie (D:8)
  3 necrophages (D:7)
  2 ogres
  14 wolves
  3 phantoms
  2 kobold brigands (D:8)
  6 bullfrogs
  3 scorpions
  2 wyvern zombies (D:7)
  A wyvern skeleton (D:7)
  4 killer bees (D:8)
  7 wights (D:7)
  4 electric eels (D:8)
  2 howler monkeys
  A bullfrog zombie (D:7)
  A human zombie (D:7)
  A jelly (D:7)
  4 hounds
  4 orc priests
  3 iguanas
  6 orc wizards
  A hound zombie (D:5)
  2 mummies (D:7)
  10 gnolls
  9 adders
  3 shadow imps
  2 ufetubi
  A worm (D:2)
  2 dart slugs
  16 orcs
  2 bats (D:1)
  7 endoplasms
  A giant cockroach (D:6)
  5 goblins
  10 hobgoblins
  2 jackals (D:2)
  12 quokkas
  6 ball pythons
  2 frilled lizards
  17 kobolds
  3 rats
  A lurking horror (D:6)
276 creatures vanquished.

Vanquished Creatures (others)
  5 fungi
  A lurking horror (D:6)
  12 plants
18 creatures vanquished.

Grand Total: 294 creatures vanquished

Notes
Turn   | Place    | Note
-------+----------+-------------------------------------------
     0 | D:1      | Anon1729 the Minotaur Monk began the quest for the Orb.
     0 | D:1      | Reached XP level 1. HP: 19/19 MP: 0/0
   132 | D:1      | Reached XP level 2. HP: 16/27 MP: 1/1
   393 | D:1      | Found a faded altar of an unknown god.
   448 | D:1      | Became a worshipper of the Wu Jian Council
   448 | D:1      | Reached * piety under Wu Jian
   448 | D:1      | Reached ** piety under Wu Jian
  1000 | D:2      | Reached XP level 3. HP: 14/33 MP: 2/2
  1430 | D:2      | Reached *** piety under Wu Jian
  1642 | D:2      | Reached XP level 4. HP: 41/41 MP: 3/3
  2529 | D:3      | Reached XP level 5. HP: 38/47 MP: 4/4
  3122 | D:4      | Reached skill level 5 in Fighting
  3122 | D:4      | Reached skill level 5 in Long Blades
  3149 | D:4      | Reached **** piety under Wu Jian
  3243 | D:4      | Noticed a phantom
  3266 | D:4      | Reached XP level 6. HP: 48/56 MP: 5/5
  3650 | D:5      | Entered Level 5 of the Dungeon
  3865 | D:4      | Reached skill level 5 in Dodging
  4034 | D:5      | Noticed a water moccasin
  4053 | D:5      | Killed a water moccasin
  4054 | D:5      | Reached XP level 7. HP: 40/62 MP: 6/6
  4194 | D:5      | Found an opulent altar of Gozag.
  4290 | D:5      | Noticed a wyvern
  4301 | D:5      | Killed a wyvern
  4630 | D:5      | Found a staircase to the Ecumenical Temple.
  4773 | D:5      | Reached XP level 8. HP: 69/71 MP: 7/7
  5359 | D:6      | Found a sacrificial altar of Ru.
  5391 | D:6      | Found a corrupted altar of Lugonu.
  5555 | D:6      | Found a one-way gate to the infinite horrors of the Abyss.
  6035 | D:6      | Found Loen's Specific Store.
  6038 | D:6      | Found Gelaw's General Store.
  6468 | D:6      | Reached skill level 5 in Stealth
  7051 | D:7      | Reached XP level 9. HP: 79/81 MP: 8/8
  7583 | D:7      | Found a runed translucent door.
  7585 | D:7      | Found a runed translucent door.
  7808 | D:7      | Found an ancient bone altar of Kikubaaqudgha.
  8412 | D:7      | Identified the +4 ring mail "Gamir" {Will- Regen+ rCorr
                  | Int+4}
  8815 | D:8      | Found a staircase to the Lair.
  8841 | D:8      | Reached XP level 10. HP: 48/91 MP: 9/9
  9382 | D:8      | Reached ***** piety under Wu Jian
  9533 | D:8      | Found a shimmering blue altar of Sif Muna.
  9585 | D:8      | Got Sif Muna's Catalogue of Cold
  9866 | D:8      | Noticed Erica
  9867 | D:8      | Identified the +4 scale mail of Generosity {Contam Int+4
                  | Dex+5}
  9885 | D:8      | Killed Erica
  9886 | D:8      | Reached skill level 10 in Fighting
  9886 | D:8      | Reached skill level 10 in Long Blades
 10179 | Lair:1   | Entered Level 1 of the Lair of Beasts
 10236 | Lair:1   | Noticed a five-headed hydra
 10246 | Lair:1   | Killed a two-headed hydra
 10464 | Lair:1   | Noticed a seven-headed hydra
 10587 | Lair:1   | Noticed a seven-headed hydra
 10604 | Lair:1   | Noticed an eight-headed hydra
 10662 | Lair:1   | Killed a two-headed hydra
 10672 | D:8      | Reached XP level 11. HP: 40/101 MP: 10/10
 10919 | Lair:1   | Killed a three-headed hydra
 10919 | Lair:1   | Reached skill level 10 in Dodging
 11286 | Lair:1   | Noticed a six-headed hydra
 11294 | Lair:1   | Killed a one-headed hydra
 11790 | Lair:1   | Noticed a six-headed hydra
 11801 | Lair:1   | Killed a one-headed hydra
 12001 | Lair:1   | Killed a one-headed hydra
 12225 | Lair:2   | Noticed a seven-headed hydra
 12237 | Lair:2   | Killed a three-headed hydra
 12247 | Lair:2   | HP: 5/103 [poisoned by a water moccasin]
 13309 | Lair:2   | Found a staircase to the Snake Pit.
 13520 | Lair:2   | Reached XP level 12. HP: 109/112 MP: 11/11
 14029 | Lair:3   | Identified the +2 hand crossbow of Radicalism {speed, rPois
                  | rF+}
 15571 | Lair:4   | Found a runed translucent gate.
 15571 | Lair:4   | Found a runed translucent gate.
 15572 | Lair:4   | Found a runed translucent gate.
 15840 | Lair:4   | Found a staircase to the Shoals.
 16032 | Lair:4   | Reached skill level 10 in Stealth
 16181 | Lair:4   | Noticed a four-headed hydra
 16192 | Lair:4   | Killed a one-headed hydra
 16376 | Lair:4   | Noticed a catoblepas
 16388 | Lair:4   | Noticed a boulder beetle
 16395 | Lair:4   | Killed a catoblepas
 16398 | Lair:4   | Demolished by a boulder beetle

Illustrated notes

Levels and vault maps discovered:
D:1:      wheals_arrival_linesprint, layout_rooms,
          hellmonk_ecumenical_altar_prayer_group
D:2:      layout_rooms, minivault_19
D:3:      layout_rooms, portal_sewer_entry_f
D:4:      layout_rooms
D:5:      minmay_spotlight, layout_cave_pods, old_standard_altar,
          minmay_temple_entry_proselytizer
D:6:      minmay_bubble_buster, layout_loops_ring,
          nicolae_ru_great_annihilating_truth, nicolae_specific_store,
          amcnicky_altar_lugonu_corruption
D:7:      lemuel_insect_pit, layout_basic, lemuel_mausoleum_altar_kikubaaqudgha
D:8:      layout_loops_ring, led_sif_book, erik_lair_island, uniq_erica
Lair:1:   layout_roguey, gauntlet_entry_generic, grunt_megastairs_5
Lair:2:   layout_cave_pods, dummy_snake_entry, st_stairs_9, grunt_megastairs_2,
          serial_bayou_shore_b, lemuel_fruit_fields
Lair:3:   layout_long_grid
Lair:4:   layout_cave_pods, minmay_shoals_entry_hut, gammafunk_ghost_icy,
          grunt_megastairs_1

Skill      XL: |  1  2  3  4  5  6  7  8  9 10 11 12 |
---------------+-------------------------------------+-----
Fighting       | 4 5 6 8 9 10 12 13 | 13.0
Stealth        | 2 3 4 5 6 8 9 10 | 10.2
Long Blades    | 4 5 6 8 9 10 12 13 | 13.1
Dodging        | 4 5 6 7 8 9 11 12 | 12.1

Action                   |  1- 3 |  4- 6 |  7- 9 | 10-12 || total
-------------------------+-------+-------+-------+-------++-------
Melee: Falchion          |    71 |   178 |   317 |    84 ||   650
       Headbutt          |    17 |    39 |    91 |    93 ||   240
       Scimitar          |       |       |       |   304 ||   304
Throw: Throwing net      |       |     1 |       |       ||     1
Invok: Lunge             |     5 |    12 |    22 |    27 ||    66
       Whirlwind         |     3 |    14 |     3 |    60 ||    80
       Serpent's Lash    |       |       |     1 |     8 ||     9
 Abil: Wall Jump         |       |       |     1 |     5 ||     6
Evoke: Wand              |       |       |     1 |    19 ||    20
  Use: Scroll            |       |       |       |     8 ||     8
       Potion            |       |       |       |     2 ||     2
 Stab: Sleeping          |     4 |     3 |    16 |     5 ||    28
       Distracted        |       |     1 |       |     1 ||     2
       Petrified         |       |       |       |     1 ||     1
Armor: Robe              |    11 |    56 |    74 |   120 ||   261
Dodge: Dodged            |    58 |   119 |   228 |   288 ||   693
       Rpst.: Falchion   |    13 |    30 |    79 |    16 ||   138
       Scimitar          |       |       |       |    62 ||    62

Table legend: (Time is in decaauts)
 A = Elapsed time spent in this place.
 B = Non-inter-level travel time spent in this place.
 C = Inter-level travel time spent in this place.
 D = Time resting spent in this place.
 E = Time spent auto-exploring this place.
 F = Levels seen in this place.
 G = Mean time per level.
                   A        B        C        D        E       F      G
               +--------+--------+--------+--------+--------+-----+--------+
         Total |  16382 |  15928 |    454 |   3107 |  10831 |  12 | 1365.2 |
       Dungeon |  10426 |  10107 |    319 |   2286 |   6455 |   8 | 1303.2 |
          Lair |   5955 |   5820 |    135 |    821 |   4375 |   4 | 1488.8 |
               +--------+--------+--------+--------+--------+-----+--------+

Top non-repeatable levels by time:
  Lair:1: 2144 daAuts
     D:8: 1770 daAuts
     D:4: 1738 daAuts
     D:7: 1720 daAuts
     D:6: 1608 daAuts
  Lair:3: 1545 daAuts
  Lair:2: 1448 daAuts
     D:5: 1317 daAuts
     D:1: 1153 daAuts
  Lair:4: 817 daAuts
     D:2: 573 daAuts
     D:3: 544 daAuts
